 Dungeon Crawl Stone Soup version 0.17-a0-2127-g1cb09f6 (webtiles) character file.

2815 Sixotanaka the Destroyer (level 9, -7/51 HPs)
             Began as an Octopode Conjurer on Oct 17, 2015.
             Was a Believer of Vehumet.
             Mangled by a troll (15 damage)
             ... on level 8 of the Dungeon on Oct 22, 2015.
             The game lasted 00:24:28 (11700 turns).

Sixotanaka the Destroyer (Octopode Conjurer)       Turns: 11700, Time: 00:24:28

Health: -7/51      AC:  1    Str:  8    XL:     9   Next: 72%
Magic:  8/12       EV: 14    Int: 20    God:    Vehumet [**....]
Gold:   511        SH:  0    Dex: 12    Spells: 3 memorised, 3 levels left

rFire  x . .     SeeInvis .     K - +4 quarterstaff (chaos)
rCold  + . .     Clarity  .     (no shield)
rNeg   . . .     SustAt   .     (helmet restricted)
rPois  .         Gourm    .     (no amulet)
rElec  .         Spirit   .     C - +2 ring of evasion
rCorr  .         Warding  .     b - ring of ice
rMut   .         Stasis   .     (no ring)
MR     .....                    (no ring)
Stlth  +++.......               (no ring)
                                (no ring)
                                (no ring)
                                (no ring)

@: not resistant to hostile enchantments, fairly stealthy
A: almost no armour, amphibious, 8 rings, constrict 8, camouflage 1, gelatinous
body 1
a: Renounce Religion


You were on level 8 of the Dungeon.
You worshipped Vehumet.
Vehumet was pleased with you.
You were hungry.

You visited 2 branches of the dungeon, and saw 9 of its levels.

You collected 511 gold pieces.


Innate Abilities, Weirdness & Mutations

You cannot wear most types of armour.
You are amphibious.
You can wear up to eight rings at the same time.
You can use your tentacles to constrict eight enemies at once.
Your skin changes colour to match your surroundings (Stealth).
Your rubbery body absorbs attacks (AC +1).


   Skills:
 - Level 2.0 Dodging
 - Level 2.6 Stealth
 - Level 2.0 Spellcasting
 * Level 11.8 Conjurations
 + Level 6.2 Charms


You had 3 spell levels left.
You knew the following spells:

 Your Spells              Type           Power        Failure   Level  Hunger
x - Dazzling Spray        Conj/Hex       ####....     6%          3    ###....
z - Magic Dart            Conj           ####         1%          1    #......
Z - Iskenderun's Battles  Conj/Chrm      #####...     12%         5    ######.


Dungeon Overview and Level Annotations

Branches:
Dungeon (8/15)             Temple (1/1) D:5
   Lair: D:8-11

Altars:
Ashenzari
Cheibriados
Dithmenos
Elyvilon
Fedhas
Gozag
Kikubaaqudgha
Makhleb
Nemelex Xobeh
Okawaru
Qazlal
Ru
Sif Muna
Trog
Vehumet
Xom
Zin
The Shining One

Annotations:
D:4 Haruko's ghost, amateur CeFi
D:5 Grinder

Inventory:

Hand Weapons
 i - a +2 quarterstaff of protection
   (You took it off Joseph on level 7 of the Dungeon)
 v - a +2 dagger of venom
   (You found it on level 3 of the Dungeon)
 y - a cursed -3 dagger
 K - a +4 quarterstaff of chaos (weapon)
   (You took it off Crazy Yiuf on level 7 of the Dungeon)
 O - a +0 blowgun
Missiles
 c - 52 poisoned needles
 k - 4 needles of paralysis
 q - 289 stones (quivered)
 F - 6 needles of confusion
Jewellery
 b - a ring of ice (right tentacle)
 u - an uncursed ring of teleportation
 C - a +2 ring of evasion (left tentacle)
Wands
 s - a wand of frost (39)
 G - a wand of random effects (20)
 I - a wand of digging (14)
 L - a wand of disintegration (13)
 Q - a wand of fireball (4)
Scrolls
 d - a scroll of recharging
 e - 2 scrolls of enchant armour {unknown}
 h - a scroll of blinking
 j - a scroll of magic mapping {unknown}
 l - 2 scrolls of amnesia {unknown}
 n - 3 scrolls of fog {unknown}
 t - 3 scrolls of teleportation {unknown}
 B - 2 scrolls of enchant weapon {unknown}
 E - a scroll of silence {unknown}
 P - 2 scrolls of remove curse {@r2}
Potions
 f - 3 potions of magic
 o - 4 potions of haste {@q3}
 p - 2 potions of brilliance
 r - a potion of curing {@q1}
 w - 2 potions of cancellation {unknown}
 x - a potion of invisibility {unknown}
 z - a potion of berserk rage {unknown}
 A - a potion of might {unknown}
 M - a potion of lignification {unknown}
 N - a potion of ambrosia {unknown}
Books
 a - a book of Conjurations
 D - a book of Maledictions
Comestibles
 g - 6 meat rations
 m - 3 royal jellies
 J - 2 fruits

...####'##.....##.....##..#......
.........###'####.....##..#......
................#.........+......
................#.....###+##'###+
................'.....#..........
...#+####.......###+###..........
........#........................
........'........................
###.###'#.......@................
#..............T...............
#..............................
###......##'#######'########+###+
..#......+......'.......#........
..#......#......#.......'........
..'......#.....##.......#....##..
..#......####+###...##..###'###..
..#......'.....##...##..##...##..


You could see a troll.


Message History

There is an open door here.
There is an open door here.
There is an open door here.
There is an open door here.
There is an open door here.
Casting: Magic Dart
Aiming: Dazzling Spray
Aim: a troll The spray of energy misses the troll.
The troll bites you! The troll closely misses you. The troll claws you.
There is an open door here.
There is an open door here.
There is an open door here.
There is an open door here.
There is an open door here.
There is an open door here.
There is an open door here.
There is an open door here.
There is an open door here.
There is an open door here.
There is an open door here.
There is an open door here.
There is an open door here.
There is an open door here.
There is an open door here.
Casting: Dazzling Spray
Aiming: Dazzling Spray
Aim: a troll The spray of energy hits the troll.
The troll is dazzled.
The troll closely misses you. The troll barely misses you. The troll claws you!
There is an open door here.
The troll is no longer blind.
Zapping:
Q - a wand of fireball (will waste charges)
Aim: a troll (lightly wounded)
The fireball explodes!
The fireball engulfs the troll.
Evoking this partially-identified wand wasted a few charges.
Casting: Dazzling Spray
Aiming: Dazzling Spray
Aim: a troll (moderately wounded)
The spray of energy hits the troll.
The troll is dazzled.
Casting: Dazzling Spray
Aiming: Dazzling Spray
Aim: a troll (heavily wounded, blind)
You miscast Dazzling Spray.
You are very lightly contaminated with residual magic.
Multicoloured lights dance before your eyes!
Casting: Dazzling Spray
Aiming: Dazzling Spray
Aim: a troll (heavily wounded, blind)
The spray of energy misses the troll.
You closely miss the troll. The troll misses you. The troll misses you.
The troll claws you!
* * * LOW HITPOINT WARNING * * *
The troll bites you!
* * * LOW HITPOINT WARNING * * *
The troll misses you. The troll barely misses you.
The troll is no longer blind.
Your magical contamination has completely faded away.
There is an open door here.
Number of times to repeat, then command key: You must enter the number of times for the command to repeat.
You are feeling hungry.
There is an open door here.
You close the door.
A troll opens the door.
There is an open door here.
There is an open door here.
The troll bites you!
* * * LOW HITPOINT WARNING * * *
The troll barely misses you. The troll claws you!
You die...

Action                   |  1- 3 |  4- 6 |  7- 9 || total
-------------------------+-------+-------+-------++-------
Melee: Unarmed           |     5 |       |       ||     5
       Dagger            |    13 |    18 |    90 ||   121
       Spear             |       |     7 |       ||     7
       Quarterstaff      |       |       |    54 ||    54
 Cast: Magic Dart        |    63 |   163 |   168 ||   394
       Dazzling Spray    |     1 |     2 |    33 ||    36
       Iskenderun's Batt |       |       |     6 ||     6
 Abil: Evoke Teleportati |       |     1 |       ||     1
Evoke: Wand              |       |     4 |     4 ||     8
  Use: Scroll            |     1 |     8 |     1 ||    10
       Potion            |       |     1 |     4 ||     5
 Stab: Sleeping          |     2 |     5 |     8 ||    15
       Invisible         |       |     1 |     5 ||     6
  Eat: Bread ration      |     1 |       |     4 ||     5
       Chunk             |       |    12 |    10 ||    22
       Beef jerky        |       |     2 |       ||     2

Vault maps used:
D:1:      lightli_arrival_isolated_outpost, minmay_stone_trees_small
D:2:      serial_park_tiny_pond, grunt_ministairs_3, corner_web_ring,
          minmay_vboxes, uniq_jessica
D:3:      tso_metal_star, nicolae_dithmenos_through_a_glass_darkly
D:4:      ashenzari_altar_1, first_bread, minmay_misc_feat_iff
D:5:      kennysheep_mini_moat, overflow_temple_1_default, basic_altar,
          minmay_ogre_servants, uniq_grinder, uniq_edmund
D:6:      forest_paths, nicolae_overflow_crystal_walls
D:7:      xom_butterflies, nemelex_xobeh_ov_fountains_minmay, zin_angel,
          uniq_menkaure, uniq_crazy_yiuf_cottage, uniq_joseph
D:8:      lemuel_crystal_altar
Temple:   cyrus_temple_forest_13

Notes
Turn   | Place    | Note
--------------------------------------------------------------
     0 | D:1      | Sixotanaka the Octopode Conjurer began the quest for the Orb.
     0 | D:1      | Reached XP level 1. HP: 11/11 MP: 3/3
   394 | D:1      | Reached XP level 2. HP: 12/17 MP: 0/5
  1182 | D:1      | Reached skill level 5 in Conjurations
  1182 | D:1      | Reached XP level 3. HP: 21/21 MP: 0/6
  1412 | D:1      | Learned a level 3 spell: Dazzling Spray
  1585 | D:1      | Reached XP level 4. HP: 21/27 MP: 2/7
  1969 | D:2      | Noticed Jessica
  1977 | D:2      | Killed Jessica
  1977 | D:2      | Reached skill level 6 in Conjurations
  2501 | D:2      | Reached XP level 5. HP: 31/31 MP: 4/8
  2939 | D:2      | Upgraded the game from 0.17-a0-2095-g10f76b4 to 0.17-a0-2127-g1cb09f6
  3094 | D:3      | Found a glowing golden altar of the Shining One.
  3710 | D:3      | Found a shadowy altar of Dithmenos.
  4011 | D:4      | Reached skill level 7 in Conjurations
  4011 | D:4      | Reached XP level 6. HP: 36/36 MP: 4/9
  4549 | D:4      | Found a shattered altar of Ashenzari.
  4557 | D:4      | Noticed Haruko's ghost (amateur CeFi)
  4584 | D:4      | HP: 9/36 [Haruko's ghost (16)]
  4849 | D:5      | Entered Level 5 of the Dungeon
  4849 | D:5      | Found a blossoming altar of Fedhas.
  4900 | D:5      | Found a burning altar of Makhleb.
  4914 | D:5      | Found a deep blue altar of Sif Muna.
  4953 | D:5      | Found a staircase to the Ecumenical Temple.
  5000 | Temple   | Entered the Ecumenical Temple
  5047 | Temple   | Became a worshipper of Vehumet
  5333 | D:5      | Noticed Grinder
  5358 | D:5      | Reached skill level 8 in Conjurations
  5843 | D:5      | Learned a level 5 spell: Iskenderun's Battlesphere
  5926 | D:5      | Noticed masteer5's ghost (weakling TrFi)
  6008 | D:6      | Reached XP level 7. HP: 41/41 MP: 6/10
  6053 | D:6      | Found a bloodstained altar of Trog.
  6344 | D:6      | Reached skill level 1 in Charms
  6367 | D:6      | Reached skill level 2 in Charms
  6459 | D:6      | Reached * piety under Vehumet
  6459 | D:6      | Offered knowledge of Sting by Vehumet.
  6631 | D:6      | Reached skill level 9 in Conjurations
  6658 | D:6      | Reached XP level 8. HP: 24/46 MP: 11/11
  6753 | D:6      | Reached skill level 3 in Charms
  7567 | D:7      | Reached skill level 10 in Conjurations
  7567 | D:7      | Reached skill level 4 in Charms
  7653 | D:7      | Found a shimmering altar of Xom.
  7732 | D:7      | Offered knowledge of Sandblast by Vehumet.
  7856 | D:7      | Reached ** piety under Vehumet
  8044 | D:7      | Found a glowing silver altar of Zin.
  8045 | D:7      | Noticed an angel
  8114 | D:7      | Noticed Crazy Yiuf
  8127 | D:7      | Killed Crazy Yiuf
  8420 | D:7      | Found a sparkling altar of Nemelex Xobeh.
  8544 | D:7      | Noticed Joseph
  8599 | D:7      | Noticed Menkaure
  8674 | D:7      | Killed Menkaure
  8674 | D:7      | Reached XP level 9. HP: 51/51 MP: 3/12
  9100 | D:8      | Reached skill level 5 in Charms
  9384 | D:8      | Reached skill level 11 in Conjurations
  9692 | D:8      | Found a snail-covered altar of Cheibriados.
 10364 | D:5      | Noticed Edmund
 10373 | D:5      | Killed Edmund
 10566 | D:5      | Killed masteer5's ghost
 10566 | D:5      | Offered knowledge of Ignite Poison by Vehumet.
 11316 | D:7      | Killed Joseph
 11316 | D:7      | Reached skill level 6 in Charms
 11700 | D:8      | HP: 8/51 [troll (14)]
 11700 | D:8      | Mangled by a troll

Vanquished Creatures
  Joseph (D:7)
  A wyvern (D:8)
  Menkaure (D:7)
  Edmund (D:5)
  An orc warrior (D:6)
  An ice beast (D:7)
  3 ogres
  A centaur (D:6)
  A phantom (D:6)
  A gnoll sergeant (D:6)
  A big kobold (D:8)
  3 giant frogs
  A scorpion (D:6)
  2 jellies
  2 crimson imps (D:6)
  A centaur zombie (D:6)
  4 hounds
  Crazy Yiuf (D:7)
  2 giant frog skeletons (D:6)
  3 iguanas
  2 orc wizards (D:7)
  A centaur skeleton (D:7)
  Jessica (D:2)
  6 worker ants
  The ghost of masteer5 the Skirmisher, a weakling TrFi (D:5)
  8 gnolls
  12 adders
  2 shadow imps (D:6)
  5 oozes
  An adder skeleton (D:4)
  2 adder zombies
  3 worms
  A giant gecko (D:3)
  9 orcs
  9 giant cockroaches
  7 hobgoblins
  11 jackals
  15 kobolds
  3 ball pythons
  8 bats
  2 giant gecko skeletons
  A giant gecko zombie (D:6)
  6 giant newts
  16 goblins
  A jackal skeleton (D:6)
  2 quokkas
  4 rats
171 creatures vanquished.
